Description

The build order used by Nerchio in DreamHack Valencia Grandfinals.

Replay - MarineLorD v Nerchio: Game 3 - Apotheosis LE

Build Order

Get SALT Encoding   

  12  0:00  Drone  
  13  0:12  Overlord  
  13  0:17  Drone  
  14  0:30  Drone x2  
  14  0:34  Drone  
  17  0:45  Spawning Pool  
  17  0:49  Drone  
  17  1:10  Hatchery  
  16  1:12  Drone  
  16  1:14  Extractor  
  16  1:17  Drone  
  17  1:22  Drone  
  18  1:31  Queen  
  20  1:34  Zergling x2  
  20  1:38  Drone  
  22  1:49  Overlord  
  22  2:07  Queen  
  24  2:09  Drone  
  24  2:12  Drone  
  26  2:16  Metabolic Boost  
  26  2:21  Drone  
  26  2:22  Queen  
  27  2:25  Drone  
  29  2:32  Drone  
  29  2:33  Drone  
  31  2:40  Overlord  
  31  2:43  Drone x2  
  33  2:45  Drone  
  33  2:47  Drone  
  35  2:57  Queen  
  37  2:58  Drone x2  
  40  3:05  Drone  
  40  3:06  Overlord  
  40  3:19  Hatchery, Drone  
  40  3:20  Drone  
  40  3:25  Overlord  
  40  3:26  Drone  
  42  3:28  Drone  
  42  3:30  Drone  
  42  3:31  Drone  
  42  3:33  Drone  
  46  3:39  Roach Warren  
  46  3:40  Drone  
  46  3:44  Drone  
  46  3:46  Overlord  
  47  3:51  Zergling x4  
  47  3:52  Overlord  
  49  4:07  Drone x3  
  52  4:15  Extractor  
  51  4:19  Evolution Chamber  
  51  4:21  Roach x7  
  64  4:25  Drone x3  
  64  4:27  Drone  
  64  4:30  Overlord  
  68  4:41  Spore Crawler  
  68  4:42  Drone x2  
  68  4:43  Drone  
  70  4:46  Extractor x2, Lair  
  70  4:50  Drone x2  
  70  4:54  Drone  
  70  4:56  Drone  
  70  4:57  Drone x3  
  70  4:59  Drone x3  
  78  5:00  Drone  
  78  5:10  Spore Crawler  
  78  5:11  Spore Crawler  
  78  5:12  Zerg Ground Armor Level 1  
  78  5:13  Evolution Chamber  
  74  5:18  Roach x2  
  74  5:20  Overlord  
  78  5:30  Overlord  
  78  5:34  Queen  
  78  5:35  Overlord, Drone x5  
  85  5:49  Queen x2  
  85  5:51  Overseer  
  89  5:57  Hatchery  
  89  6:01  Drone x4  
  89  6:02  Drone x2  
  89  6:03  Overlord, Drone  
  91  6:09  Queen  
  91  6:10  Drone x2  
  90  6:24  Overlord  
  90  6:25  Zerg Melee Weapons Level 1  
  86  6:26  Infestation Pit  
  86  6:29  Queen x2  
  86  6:31  Drone x2  
  86  6:32  Drone x5  
  95  6:33  Overlord  
  95  6:36  Overlord  
  93  6:46  Drone  
  93  6:47  Drone x2  
  94  6:53  Drone x2  
  93  6:57  Extractor  
  93  6:59  Overlord, Extractor  
  90  7:03  Spore Crawler  
  90  7:06  Glial Reconstitution  
  90  7:07  Zerg Ground Armor Level 2  
  89  7:09  Queen  
  89  7:10  Roach x4  
  89  7:13  Ravager x4  
  89  7:15  Roach  
  105  7:16  Roach  
  105  7:20  Roach x2  
  108  7:25  Roach x2  
  110  7:32  Roach x4  
  110  7:35  Roach  
  110  7:36  Roach  
  122  7:39  Spore Crawler  
  122  7:43  Roach  
  123  7:45  Roach  
  123  7:49  Overlord  
  124  7:54  Overlord  
  124  7:57  Overlord  
  122  7:59  Drone x2  
  122  8:02  Drone x2  
  122  8:03  Drone  
  128  8:05  Ravager x2  
  128  8:06  Ravager  
  128  8:08  Drone  
  128  8:09  Drone  
  128  8:10  Drone  
  128  8:12  Drone  
  134  8:13  Drone  
  134  8:16  Extractor  
  134  8:22  Overseer  
  134  8:25  Queen  
  136  8:29  Zergling x4  
  138  8:36  Queen  
  138  8:38  Drone x4  
  142  8:48  Hive  
  142  8:50  Infestor  
  142  8:52  Infestor  
  142  8:53  Hatchery  
  145  8:57  Zerg Melee Weapons Level 2  
  145  9:06  Drone x5  
  145  9:07  Drone  
  145  9:08  Infestor  
  153  9:15  Spore Crawler x2, Drone x2  
  153  9:16  Drone  
  154  9:18  Extractor  
  153  9:29  Drone x3  
  153  9:30  Overlord x3  
  153  9:31  Overlord  
  156  9:39  Overlord x2, Ravager x2  
  152  9:55  Zergling x2  
Spawning Tool Build Advisor. Get it on Overwolf

Go to:

Details

  • Created by: Phantae
  • Published on: Jul 16, 2016
  • Modified on: Jul 16, 2016
  • Patch: Pre-3.8.0
Show
View Real Time Build Order
Export as new Build Order

Comments (2)

On Dec. 8, 2016, 10:13 p.m., zardilior  said:

I think instead of not copying them correctly tag the replays is better, as this whole build can be found in the replays, if its not up upload it. Enthusiasm is always appreciated even with the DaftMat comment

On July 17, 2016, 7:47 a.m., DaftMat  said:

Useless mate stop copy ALL the game of WCS that's useless.

Create an account to comment!